 Dungeon Crawl Stone Soup version 0.30.2 (webtiles) character file.

Game seed: 634632821506361489

1717 porpoise the Fighter (level 9, -12/70 HPs)
             Began as a Djinni Conjurer on Feb 12, 2024.
             Was an Initiate of Ashenzari.
             Killed by an exploding orc (15 damage)
             ... ignited by their inner flame
             ... on level 6 of the Dungeon.
             The game lasted 00:17:07 (6884 turns).

porpoise the Fighter (Djinni Conjurer)              Turns: 6884, Time: 00:17:07

Health: -12/70     AC:  4    Str: 12    XL:     9   Next: 24%
Gold:   344        EV: 17    Int: 25    God:    Ashenzari [......] SH:  0 Dex: 11

rFire   + + .        a - +3 dagger (venom)
rCold   x . .        (no shield)
rNeg    . . .        e - +0 robe
rPois   ∞            (no helmet)
rElec   .            v - +0 cloak
rCorr   .            F - +0 pair of gloves
SInv    .            (boots unavailable)
Will    .....        (no amulet)
Stlth   ++           i - +5 ring of evasion
HPRegen 0.31/turn    q - +6 ring of strength
MPRegen 0.00/turn

%: infuse magic (-13 HP)
@: flying
A: sickness immunity, fire resistance 2, cold vulnerability 1, float, innate
caster, HP casting, extra vitality 1
a: Renounce Religion, Curse Item


You were on level 6 of the Dungeon.
You worshipped Ashenzari.
Ashenzari was noncommittal.
You visited 2 branches of the dungeon, and saw 7 of its levels.

You collected 344 gold pieces.

Inventory:

Hand Weapons
 a - a +3 dagger of venom (weapon)
 b - a +0 sling
 y - a +3 hand axe of venom
Armour
 e - a +0 robe (worn)
 v - a +0 cloak (worn)
 A - a +0 robe
 D - a +0 cloak
 F - a +0 pair of gloves (worn)
Magical Staves
 x - a staff of conjuration
Jewellery
 i - a +5 ring of evasion (left hand)
 q - a +6 ring of strength (right hand)
Wands
 p - a wand of paralysis (2)
 t - a wand of quicksilver (17)
 u - a wand of roots (9)
 E - a wand of polymorph (8)
Scrolls
 d - a scroll of noise {unknown}
 h - a scroll of torment {unknown}
 j - a scroll of enchant armour {unknown}
 k - a scroll of vulnerability
 m - a scroll of teleportation {unknown}
 n - a scroll of identify {unknown}
 r - a scroll of blinking {unknown}
 s - a scroll of enchant weapon {unknown}
 w - a scroll of magic mapping {unknown}
 B - a scroll of butterflies {unknown}
Potions
 f - a potion of attraction {unknown}
 g - 2 potions of brilliance
 l - 2 potions of might {unknown}
 o - a potion of invisibility {unknown}
 z - a potion of lignification {unknown}
 C - a potion of mutation {unknown}


   Skills:
 + Level 8.1 Fighting
 - Level 2.1 Dodging
 + Level 4.0 Stealth
 + Level 5.9 Spellcasting


You knew the following spells:

 Your Spells              Type           Power      Damage    Failure   Level
a - Magic Dart            Conj           100%       1d8       1%          1
b - Searing Ray           Conj           74%        2d7       1%          2
c - Dazzling Flash        Conj/Hex       74%        N/A       1%          3
d - Fulminant Prism       Conj/Hex       18%        3d10      6%          4
e - Iskenderun's Mystic   Conj/Tloc      37%        2d9       6%          4
f - Foxfire               Conj/Fire      100%       2x1d9     1%          1
g - Momentum Strike       Conj/Tloc      74%        3d10      1%          2
h - Inner Flame           Hex/Fire       37%        N/A       1%          3
i - Sticky Flame          Conj/Fire      37%        2d6       6%          4
Your spell library was empty.

Dungeon Overview and Level Annotations

Branches:
Dungeon (6/15)             Temple (1/1) D:4

Altars:
Ashenzari
Cheibriados
Elyvilon
Fedhas
Gozag
Makhleb
Okawaru
Qazlal
Ru
Trog
Uskayaw
Wu Jian
Xom
Yredelemnul
Zin
The Shining One

Shops:
D:5 (


Innate Abilities, Weirdness & Mutations

You are immune to sickness and miasma.
You are immune to poison.
Your flesh is very heat resistant. (rF++)
You are vulnerable to cold. (rC-)
You float through the air rather than walking.
You learn spells naturally, not from books.
Your magical power is your life essence.
You have superior vitality. (+4 MHP)


Message History

The orc priest barely misses you. The orc misses you.
The orc barely misses you.
You hit the orc warrior but do no damage.
The orc warrior is poisoned.
The orc warrior is lightly wounded.
The orc priest is no longer blind.
The orc completely misses you. The orc priest closely misses you.
The orc hits you with a +0 hand axe. The orc warrior closely misses you.
You hit the orc warrior.
The orc warrior looks as sick as possible!
Your punch misses the orc warrior.
The orc warrior is lightly wounded.
The orc warrior completely misses you. The orc misses you.
The orc priest invokes the aid of Beogh against you.
Beogh smites you! The orc closely misses you.
You hit the orc priest.
The orc priest is poisoned.
The orc priest is moderately wounded.
The orc is no longer blind.
The orc closely misses you. The orc hits you with a +0 hand axe.
The orc priest closely misses you. The orc warrior closely misses you.
Your magical contamination has completely faded away.
Ashenzari invites you to partake of a vision and a curse of melee combat and fortitude.
As you read the scroll labelled INIOJE LOALIRPH, it crumbles to dust.
The creatures around you are filled with an inner flame!
It was a scroll of immolation.
Flame seeps out of the orc warrior.
The orc warrior is no longer blind.
Flame seeps out of the orc priest.
The orc warrior is engulfed in blazing flames.
Flame seeps out of the orc warrior.
The orc warrior barely misses you.
The orc priest is engulfed in blazing flames.
The orc priest explodes!
The fiery explosion engulfs the orc!!
The fiery explosion engulfs the orc!!!
The fiery explosion engulfs you! You resist.
* * * LOW HITPOINT WARNING * * *
The fiery explosion engulfs the orc warrior!!
The orc warrior explodes!
The fiery explosion engulfs you! You resist.
* * * LOW HITPOINT WARNING * * *
The orc explodes!
The fiery explosion engulfs you! You resist.
You die...

......).......#
.......)......#
..............#
..............#
..............#
..............#
..............#
######.§§§....#
#§@○§....#
#§○§§....#
#§§§.....#
#........#
.........#
..........#
..........#
...........#


There were no monsters in sight!

Vanquished Creatures
  Pikel (D:4)
  Sigmund (D:3)
  2 water moccasins
  An orc warrior (D:6)
  A black bear (D:5)
  A phantom (D:5)
  Blork the orc (D:4)
  A bullfrog (D:4)
  2 scorpions (D:5)
  A hound (D:4)
  3 orc priests
  Crazy Yiuf (D:3)
  A jelly (D:4)
  An iguana (D:4)
  Ijyb (D:3)
  Natasha (twice) (D:3)
  2 orc wizards (D:4)
  7 gnolls
  3 adders
  3 worms (D:2)
  2 dart slugs (D:1)
  14 orcs
  6 endoplasms
  4 giant cockroaches
  5 goblins
  9 hobgoblins
  5 jackals
  4 kobolds
  5 quokkas
  5 ball pythons
  6 bats
  4 frilled lizards
  7 rats
112 creatures vanquished.

Vanquished Creatures (others)
  19 foxfires
  7 fulminant prisms
26 creatures vanquished.

Grand Total: 138 creatures vanquished

Notes
Turn   | Place    | Note
-------+----------+-------------------------------------------
     0 | D:1      | porpoise the Djinni Conjurer began the quest for the Orb.
     0 | D:1      | porpoise set off with the following spells memorised: Magic
                  | Dart, Searing Ray, Dazzling Flash, Fulminant Prism,
                  | Iskenderun's Mystic Blast.
     0 | D:1      | Reached XP level 1. HP: 15/15 MP: 0/0
    81 | D:1      | Reached XP level 2. HP: 18/22 MP: 0/0
   102 | D:1      | Reached skill level 1 in Fighting
   464 | D:1      | Reached XP level 3. HP: 21/27 MP: 0/0
   464 | D:1      | Learned a level 1 spell: Foxfire
   984 | D:2      | Reached skill level 2 in Fighting
  1081 | D:2      | Reached XP level 4. HP: 29/33 MP: 0/0
  2187 | D:3      | Noticed Natasha
  2191 | D:3      | Killed Natasha
  2192 | D:3      | Reached XP level 5. HP: 39/40 MP: 0/0
  2192 | D:3      | Learned a level 2 spell: Momentum Strike
  2215 | D:3      | Reached skill level 3 in Fighting
  2343 | D:3      | Noticed Sigmund
  2354 | D:3      | Killed Sigmund
  2355 | D:3      | Reached skill level 4 in Fighting
  2355 | D:3      | Reached XP level 6. HP: 30/47 MP: 0/0
  2684 | D:3      | Found a faded altar of an unknown god.
  2689 | D:3      | Noticed Natasha
  2706 | D:3      | Killed Natasha
  2771 | D:3      | Noticed Ijyb
  2779 | D:3      | Killed Ijyb
  2780 | D:3      | Reached XP level 7. HP: 29/53 MP: 0/0
  2780 | D:3      | Learned a level 3 spell: Inner Flame
  2988 | D:3      | Found a runed translucent door.
  2989 | D:3      | Noticed Crazy Yiuf
  3161 | D:3      | Killed Crazy Yiuf
  3260 | D:4      | Noticed Pikel
  3267 | D:4      | Reached skill level 5 in Spellcasting
  3269 | D:4      | Killed Pikel
  3270 | D:4      | Reached skill level 7 in Fighting
  3270 | D:4      | Reached XP level 8. HP: 30/64 MP: 0/0
  3543 | D:4      | HP: 1/64 [acid (10)]
  3829 | D:4      | Noticed Blork the orc
  3841 | D:4      | Killed Blork the orc
  5108 | D:4      | Found a staircase to the Ecumenical Temple.
  5123 | Temple   | Entered the Ecumenical Temple
  5290 | Temple   | Became a worshipper of Ashenzari the Shackled
  5399 | D:5      | Entered Level 5 of the Dungeon
  5603 | D:5      | Reached XP level 9. HP: 34/70 MP: 0/0
  5603 | D:5      | Learned a level 4 spell: Sticky Flame
  5828 | D:5      | Identified the +0 ring mail "Cyhih" {Fly Str+4}
  6083 | D:5      | Reached skill level 8 in Fighting
  6204 | D:5      | Found Segg's Weapon Boutique.
  6884 | D:6      | HP: 3/70 [spore (13)]
  6884 | D:6      | Killed by an exploding orc... ignited by their inner flame

Illustrated notes

Levels and vault maps discovered:
D:1:      wander_arrival_estate, layout_loops_cross
D:2:      layout_basic, item_on_display_b
D:3:      layout_basic, chequers_ecumenical_altar_simple, minmay_misc_feat_x,
          kennysheep_generic_room_4, uniq_crazy_yiuf_cottage, uniq_ijyb,
          uniq_sigmund, uniq_natasha
D:4:      layout_loops_corners, minmay_temple_entry_offerings,
          uniq_blork_the_orc, uniq_pikel
D:5:      layout_layer_cave, serial_shops, nicolae_shop_bloodbath_and_beyond
D:6:      layout_gridville, nicolae_hepliaklqana_hippocampus, nicolae_sextant,
          minmay_fountain_box, minmay_mini_ossuary
Temple:   regret_index_temple_mists

Skill      XL: |  1  2  3  4  5  6  7  8  9 |
---------------+----------------------------+-----
Fighting       | 1 2 4 7 8 |  8.1
Spellcasting   | 4 5 |  5.9
Stealth        | 3 4 |  4.0
Dodging        | |  2.1

Action                     |  1- 3 |  4- 6 |  7- 9 || total
---------------------------+-------+-------+-------++-------
  Melee: Staff             |       |       |     7 ||     7
         Dagger            |       |       |    28 ||    28
   Fire: Sling             |    41 |    50 |       ||    91
   Cast: Magic Dart        |    26 |     5 |     2 ||    33
         Searing Ray       |     5 |    16 |    26 ||    47
         Foxfire           |       |    11 |     1 ||    12
         Dazzling Flash    |       |     1 |     3 ||     4
         Fulminant Prism   |       |       |     7 ||     7
         Iskenderun's Myst |       |       |     1 ||     1
         Momentum Strike   |       |       |     1 ||     1
    Use: Scroll            |       |       |     2 ||     2
   Stab: Sleeping          |       |       |     3 ||     3
 Armour: Robe              |     3 |     3 |     3 ||     9
  Dodge: Dodged            |    24 |    25 |    84 ||   133
